 Dungeon Crawl Stone Soup version 0.30-a0-509-gd016549fea (webtiles) character file.

Game seed: 14663347592135076217

4861 xzight the Thaumaturge (level 10, -14/59 HPs)
             Began as a Deep Elf Fire Elementalist on Dec 22, 2022.
             Was a Priest of Ashenzari.
             Demolished by a komodo dragon (27 damage)
             ... on level 8 of the Dungeon.
             The game lasted 00:27:18 (10560 turns).

xzight the Thaumaturge (DEFE)                      Turns: 10560, Time: 00:27:19

Health: -14/59     AC:  8    Str:  5    XL:     10   Next: 26%
Magic:  16/25      EV: 17    Int: 25    God:    Ashenzari [***...]
Gold:   541        SH:  0    Dex: 15    Spells: 11/27 levels left

rFire   + . .      SeeInvis +    a - staff of poison {!a}
rCold   x . .      Faith    .    (no shield)
rNeg    . . .      Spirit   .    u - +0 robe "Regret of Ashenzari" {Alch, Melee} (curse)
rPois   +          Reflect  .    e - +2 helmet of the Chained Discomfort {SInv, Bglg, Range} (curse)
rElec   .          Harm     .    y - +0 cloak "Augurer of Ashenzari" {Melee, Fort} (curse)
rCorr   .          Rampage  .    w - +0 pair of gloves "Share My Embarrassment" {Fort, Evo} (curse)
Will    +....      Clarity  +    o - +0 pair of boots "Pangnostic Portent" {Stlth+, Elem, Cun} (curse)
Stlth   ++++......               (no amulet)
HPRegen 0.29/turn                F - ring of fire
MPRegen 0.19/turn                Z - ring of wizardry

@: no status effects
A: no striking features
a: Renounce Religion, Shatter the Chains


You were on level 8 of the Dungeon.
You worshipped Ashenzari.
Ashenzari was most pleased with you.
You visited 2 branches of the dungeon, and saw 9 of its levels.
You also visited: Sewer.

You collected 541 gold pieces.


   Skills:
 + Level 5.1 Fighting
 + Level 8.2(9.9) Dodging
 - Level 2.4(3.7) Stealth
 + Level 9.1 Spellcasting
 + Level 7.0(8.7) Conjurations
 + Level 2.4(3.7) Translocations
 + Level 2.5(3.9) Transmutations
 + Level 6.5(8.2) Fire Magic
 + Level 3.2(4.6) Air Magic
 - Level 2.9(4.3) Poison Magic


You had 11 spell levels left.
You knew the following spells:

 Your Spells              Type           Power      Damage    Failure   Level
a - Foxfire               Conj/Fire      100%       2x1d9     1%          1
b - Scorch                Fire           100%       2d10      1%          2
c - Mephitic Cloud        Conj/Pois/Air  57%        N/A       1%          3
d - Iskenderun's Mystic   Conj/Tloc      42%        2d10      1%          4
e - Starburst             Conj/Fire      34%        6d10      11%         6

Your spell library contained the following spells:

 Spells                   Type           Power      Damage    Failure   Level
 Kiss of Death            Conj/Necr      100%       2d13      1%          1
 Magic Dart               Conj           100%       1d8       1%          1
 Dazzling Flash           Conj/Hex       66%        N/A       1%          3
 Ignite Poison            Fire/Tmut/Pois 72%        N/A       1%          3
 Inner Flame              Hex/Fire       48%        N/A       1%          3
 Kindle Blastsparks       Fire/Tloc/Air  100%       2d18      1%          3
 Flame Wave               Conj/Fire      69%        2d16      1%          4
 Sticky Flame             Conj/Fire      69%        2d8       1%          4
 Call Imp                 Summ           11%        N/A       3%          2
 Confusing Touch          Hex            12%        N/A       6%          3
 Dispel Undead            Necr           11%        3d9       21%         4
 Yara's Violent Unravell  Hex/Tmut       10%        3d6       26%         5
 Ignition                 Fire           34%        3d10      99%         8
 Enfeeble                 Hex            6%         N/A       100%        7

Inventory:

Hand Weapons
 b - a +1 dagger of venom
Armour
 e - the cursed +2 helmet of the Chained Discomfort (worn) {SInv, Bglg, Range}
   (You found it on level 1 of the Dungeon)

   It has a curse which improves the following skills: Beguiling: Conjurations,
   Hexes and Translocations.
   Ranged Combat: Ranged Weapons and Throwing.
 o - the cursed +0 pair of boots "Pangnostic Portent" (worn) {Stlth+, Elem, Cun}
   (You found it on level 3 of the Dungeon)

   It has a curse which improves the following skills: Elements: Fire Magic, Ice
   Magic, Air Magic and Earth Magic.
   Cunning:   Dodging and Stealth.
 u - the cursed +0 robe "Regret of Ashenzari" (worn) {Alch, Melee}

   It has a curse which improves the following skills: Alchemy: Poison Magic and
   Transmutations.
   Melee Combat: Short Blades, Long Blades, Axes, Maces & Flails, Polearms,
   Staves and Unarmed Combat.
 w - the cursed +0 pair of gloves "Share My Embarrassment" (worn) {Fort, Evo}
   (You found it on level 4 of the Dungeon)

   It has a curse which improves the following skills: Fortitude: Armour and
   Shields.
   Evocations: Evocations.
 y - the cursed +0 cloak "Augurer of Ashenzari" (worn) {Melee, Fort}
   (You found it on level 4 of the Dungeon)

   It has a curse which improves the following skills: Melee Combat: Short
   Blades, Long Blades, Axes, Maces & Flails, Polearms, Staves and Unarmed
   Combat.
   Fortitude: Armour and Shields.
Magical Staves
 a - a staff of poison (weapon) {!a}
Jewellery
 F - a ring of fire (left hand)
 Z - a ring of wizardry (right hand)
Wands
 h - a wand of mindburst (22)
 q - a wand of roots (8)
 v - a wand of flame (13)
 G - a wand of charming (10)
Scrolls
 c - 5 scrolls of teleportation {@r2}
 f - a scroll of blinking
 g - 3 scrolls of poison
 i - a scroll of enchant weapon
 j - 2 scrolls of fog
 k - a scroll of immolation
 p - a scroll of magic mapping
 r - a scroll of fear
 x - a scroll of brand weapon
 B - a scroll of summoning
 D - a scroll of enchant armour
 J - 2 scrolls of amnesia
Potions
 d - 4 potions of magic
 l - 3 potions of brilliance
 m - a potion of ambrosia
 n - a potion of invisibility
 s - 3 potions of berserk rage {!q}
 t - a potion of mutation
 z - 3 potions of curing {@q1}
 A - a potion of heal wounds {@q2}
 C - 2 potions of resistance
 E - 2 potions of cancellation
 H - 3 potions of flight

Dungeon Overview and Level Annotations

Branches:
Dungeon (8/15)             Temple (1/1) D:4           Sewer (visited)
   Lair: D:8-11

Altars:
Ashenzari
Cheibriados
Fedhas
Okawaru
Qazlal
Sif Muna
Trog
Uskayaw
Vehumet
Xom

Shops:
D:2 (   D:5 ((

Annotations:
D:3 exclusion: kobold, Grinder

..).#.......... , ,
.##........###. * *
..........## #.# , ,
###.##....# #.#*, , , ,
#.##.#..# #.# , , ,,
#.##=#######.###**#### **
#.##........... .....
#...########.###...... *
###..........(@l...... ,
#####..........###......,
..##.............#,.....
#...........####.#,,....
, #......####.# #.#,,,...
* * #......####.# #.# ,,
.. , #......#....# #.# ,
. , , .......#.#### #.#*
** * .......#.#######.#


You could see a komodo dragon (combustible).


Message History

The komodo dragon's fire resistance burns away.
Casting: Scorch (safe; 1% risk of failure)
Confirm with . or Enter, or press ? or * to list all spells.
You feel a surge of power!
You conjure some foxfire!
The komodo dragon misses you.
The komodo dragon is no longer more vulnerable to fire.
The komodo dragon bites you but does no damage.
Casting: Foxfire (safe; 1% risk of failure)
Confirm with . or Enter, or press ? or * to list all spells.
You feel a surge of power!
Flames lash the komodo dragon.
The komodo dragon is heavily wounded.
The komodo dragon's fire resistance burns away.
The komodo dragon misses you. The komodo dragon bites you!
Casting: Scorch (safe; 1% risk of failure)
Confirm with . or Enter, or press ? or * to list all spells.
You feel a surge of power!
Flames lash the komodo dragon.
The komodo dragon is burned terribly!
The komodo dragon is heavily wounded.
The komodo dragon bites you! The komodo dragon bites you!
Casting: Scorch (safe; 1% risk of failure)
Confirm with . or Enter, or press ? or * to list all spells.
You feel a surge of power!
Flames lash the komodo dragon.
The komodo dragon is burned terribly!
The komodo dragon is heavily wounded.
The komodo dragon bites you!!
* * * LOW HITPOINT WARNING * * *
The komodo dragon bites you!!
You die...

Skill      XL: |  1  2  3  4  5  6  7  8  9 10 |
---------------+-------------------------------+-----
Dodging        | 3 4 5 7 8 |  8.2
Fire Magic     | 4 5 6 |  6.5
Fighting       | 1 2 3 4 5 |  5.1
Conjurations   | 2 3 4 5 6 7 |  7.0
Spellcasting   | 4 5 6 7 8 9 |  9.1
Poison Magic   | 2 |  2.9
Air Magic      | 3 |  3.2
Translocations | 2 |  2.4
Transmutations | 2 |  2.5
Stealth        | |  2.4

Action                   |  1- 3 |  4- 6 |  7- 9 | 10-12 || total
-------------------------+-------+-------+-------+-------++-------
Melee: Dagger            |       |     2 |       |       ||     2
       Punch             |       |     1 |       |       ||     1
 Cast: Foxfire           |    82 |    84 |   154 |    36 ||   356
       Scorch            |     4 |    26 |   116 |    20 ||   166
       Mephitic Cloud    |       |       |     1 |     1 ||     2
Invok: Curse Item        |       |       |     3 |     2 ||     5
  Use: Scroll            |     1 |     6 |     4 |       ||    11
       Potion            |       |       |     3 |       ||     3
Armor: Robe              |     8 |    12 |    31 |     5 ||    56
       Skin              |       |       |    14 |       ||    14
Dodge: Dodged            |    26 |    29 |   105 |    16 ||   176

Levels and vault maps discovered:
D:1:      ebering_trefoil_3fold, layout_basic, nicolae_hexahallways
D:2:      layout_loops_cross, serial_shops, shop_fountains,
          dilly_ecumenical_altar_fadedgnrine, minivault_26
D:3:      minmay_wonky_spiral, layout_basic, nicolae_uskayaw_suspiria,
          kennysheep_nondescript, serial_park_tiny_1, uniq_jessica, uniq_grinder
D:4:      layout_basic, temple_doors_e, minivault_1, minmay_diced_spiral
D:5:      layout_loops_corners, portal_sewer_entry_b, serial_shops, shop,
          ebering_dispersal_statue_hall, hellmonk_bongcloud_opening,
          nicolae_take_the_stairs
D:6:      layout_loops_ring, grunt_decor_fettered, kennysheep_generic_room_16
D:7:      layout_basic, mainiacjoe_overflow_swirl
D:8:      layout_basic, nicolae_kite_square_tiling_tiny, uniq_amaemon
Temple:   nicolae_temple_bog_church

Notes
Turn   | Place    | Note
-------+----------+-------------------------------------------
     0 | D:1      | xzight the Deep Elf Fire Elementalist began the quest for
                  | the Orb.
     0 | D:1      | Reached XP level 1. HP: 10/10 MP: 6/6
   184 | D:1      | Reached XP level 2. HP: 15/15 MP: 4/8
   782 | D:1      | Learned a level 2 spell: Scorch
   943 | D:1      | Reached XP level 3. HP: 19/20 MP: 7/9
  1413 | D:2      | Found Lotepio's Weapon Shop.
  1649 | D:2      | Reached skill level 3 in Dodging
  1682 | D:2      | Found a faded altar of an unknown god.
  2040 | D:3      | Reached skill level 4 in Fire Magic
  2109 | D:3      | Found a hide-covered altar of Uskayaw.
  2112 | D:3      | Noticed Grinder
  2271 | D:2      | Reached skill level 1 in Fighting
  2465 | D:3      | Reached XP level 4. HP: 25/25 MP: 9/11
  2549 | D:3      | Reached skill level 2 in Conjurations
  2642 | D:3      | Reached XP level 5. HP: 27/29 MP: 3/12
  3154 | D:3      | Reached skill level 4 in Spellcasting
  3516 | D:4      | Reached skill level 5 in Fire Magic
  3516 | D:4      | Reached XP level 6. HP: 35/35 MP: 7/14
  3517 | D:4      | Reached skill level 4 in Dodging
  3815 | D:4      | Reached skill level 3 in Conjurations
  3916 | D:4      | Reached skill level 2 in Fighting
  3971 | D:4      | Found a staircase to the Ecumenical Temple.
  3995 | Temple   | Entered the Ecumenical Temple
  4013 | Temple   | Became a worshipper of Ashenzari the Shackled
  4428 | D:5      | Entered Level 5 of the Dungeon
  4428 | D:5      | Found Dum Ovet's Antique Weapon Shoppe.
  4584 | D:5      | Reached skill level 5 in Spellcasting
  4584 | D:5      | Reached XP level 7. HP: 38/40 MP: 4/16
  4682 | D:5      | Found Upload's Antique Weapon Boutique.
  4764 | D:5      | Reached skill level 6 in Fire Magic
  4989 | D:5      | Reached skill level 5 in Dodging
  5079 | D:5      | Reached skill level 4 in Conjurations
  5086 | D:5      | Found a glowing drain.
  5095 | Sewer    | Entered a sewer
  5476 | Sewer    | Reached skill level 3 in Fighting
  5476 | Sewer    | Reached skill level 6 in Spellcasting
  5476 | Sewer    | Reached XP level 8. HP: 25/46 MP: 7/19
  6169 | D:5      | Reached skill level 6 in Dodging
  6232 | D:5      | Reached skill level 5 in Conjurations
  6896 | D:6      | Identified 2 potions of resistance
  6930 | D:6      | Reached skill level 7 in Spellcasting
  7150 | D:6      | Reached skill level 4 in Fighting
  7192 | D:6      | Identified the cursed +0 robe "Regret of Ashenzari" {Alch,
                  | Melee}
  7500 | D:6      | Reached * piety under Ashenzari
  7765 | D:7      | Reached skill level 7 in Dodging
  7765 | D:7      | Reached XP level 9. HP: 33/51 MP: 12/22
  7836 | D:7      | Learned a level 3 spell: Mephitic Cloud
  8002 | D:7      | Reached skill level 6 in Conjurations
  8040 | D:7      | Reached skill level 1 in Poison Magic
  8087 | D:7      | Reached skill level 1 in Air Magic
  8174 | D:7      | Reached skill level 8 in Spellcasting
  8382 | D:7      | Reached ** piety under Ashenzari
  8464 | D:7      | Reached skill level 2 in Poison Magic
  8660 | D:7      | Reached skill level 2 in Air Magic
  8710 | D:7      | Learned a level 4 spell: Iskenderun's Mystic Blast
  8717 | D:7      | Learned a level 6 spell: Starburst
  9202 | D:7      | Reached skill level 1 in Translocations
  9202 | D:7      | Reached skill level 1 in Transmutations
  9323 | D:7      | Found a snail-covered altar of Cheibriados.
  9332 | D:7      | Found an iron altar of Okawaru.
  9539 | D:8      | Noticed an orange demon
  9541 | D:8      | Noticed Amaemon
  9565 | D:8      | Killed an orange demon
  9730 | D:8      | Killed Amaemon
  9731 | D:8      | Reached skill level 5 in Fighting
  9731 | D:8      | Reached skill level 8 in Dodging
  9731 | D:8      | Reached skill level 2 in Translocations
  9731 | D:8      | Reached skill level 2 in Transmutations
  9731 | D:8      | Reached skill level 3 in Air Magic
  9731 | D:8      | Reached XP level 10. HP: 29/59 MP: 11/24
  9875 | D:8      | Reached skill level 9 in Spellcasting
  9909 | D:8      | Reached skill level 7 in Conjurations
 10550 | D:8      | Reached *** piety under Ashenzari
 10560 | D:8      | Demolished by a komodo dragon

Vanquished Creatures
  Amaemon (D:8)
  An orange demon (D:8)
  A hornet (D:8)
  A wyvern (D:7)
  A steam dragon (D:7)
  A water moccasin (D:8)
  2 ice beasts
  3 black bears
  A sky beast (D:8)
  An ogre (D:7)
  3 centaurs
  5 kobold brigands (Sewer)
  3 necrophages
  A gnoll sergeant (D:6)
  2 bullfrogs
  5 scorpions
  13 wights (D:7)
  An electric eel (D:6)
  5 orc priests
  2 jellies
  5 hounds
  2 iguanas (D:4)
  2 orc wizards
  A gnoll bouda (D:5)
  14 gnolls
  9 adders
  3 river rats
  A white imp (D:5)
  2 ufetubi (D:5)
  3 worms
  4 dart slugs
  23 orcs
  5 bats
  5 endoplasms
  4 giant cockroaches
  6 goblins
  8 hobgoblins
  3 jackals (D:1)
  3 quokkas
  12 ball pythons
  2 frilled lizards (D:1)
  11 kobolds
  3 rats (Sewer)
184 creatures vanquished.

Vanquished Creatures (collateral kills)
  A foxfire (D:3)
1 creature vanquished.

Vanquished Creatures (others)
  539 foxfires
539 creatures vanquished.

Grand Total: 724 creatures vanquished

Table legend: (Time is in decaauts)
 A = Elapsed time spent in this place.
 B = Non-inter-level travel time spent in this place.
 C = Inter-level travel time spent in this place.
 D = Time resting spent in this place.
 E = Time spent auto-exploring this place.
 F = Levels seen in this place.
 G = Mean time per level.
                   A        B        C        D        E       F      G
               +--------+--------+--------+--------+--------+-----+--------+
         Total |  10632 |  10357 |    275 |   2063 |   6516 |  10 | 1063.2 |
       Dungeon |   9719 |   9455 |    264 |   1812 |   6085 |   8 | 1214.9 |
        Temple |     32 |     21 |     11 |      0 |      7 |   1 |   32.0 |
         Sewer |    880 |    880 |      0 |    251 |    424 |   1 |  880.0 |
               +--------+--------+--------+--------+--------+-----+--------+

Top non-repeatable levels by time:
     D:5: 1637 daAuts
     D:7: 1598 daAuts
     D:1: 1220 daAuts
     D:8: 1155 daAuts
     D:3: 1155 daAuts
     D:4: 1070 daAuts
     D:2: 952 daAuts
     D:6: 929 daAuts
   Sewer: 880 daAuts
  Temple: 32 daAuts

Table legend:
 A = Non-vault XP
 B = Vault XP
 C = Vault XP percentage of total XP
 D = Non-vault monster count
 E = Vault monster count
 F = Vault count percentage of total count
                 A         B        C        D         E       F
            +---------+---------+-------+---------+---------+-------
      Total |    5152 |    1793 |  25.8 |     151 |      33 |  17.9
            +---------+---------+-------+---------+---------+-------
        D:1 |      44 |       0 |   0.0 |      25 |       0 |   0.0
        D:2 |      29 |       0 |   0.0 |      12 |       0 |   0.0
        D:3 |     178 |       3 |   1.7 |      23 |       2 |   8.0
        D:4 |     404 |       2 |   0.5 |      17 |       1 |   5.6
        D:5 |     854 |      42 |   4.7 |      18 |       4 |  18.2
        D:6 |     559 |       3 |   0.5 |      13 |       1 |   7.1
        D:7 |    1959 |       0 |   0.0 |      24 |       0 |   0.0
        D:8 |    1125 |    1191 |  51.4 |      19 |       2 |   9.5
      Sewer |       0 |     552 | 100.0 |       0 |      23 | 100.0
            +---------+---------+-------+---------+---------+-------
